 Dungeon Sprint DCSS version 0.31-a0-841-g038b102fc3 (webtiles) character file.

Game seed: 603613922209195394

131 sircluck the Ruffian (level 4, -1/75 HPs)
             Began as a Troll Berserker on Sept 27, 2023.
             Was a Follower of Trog.
             Slain by a vampire mosquito (4 damage)
             ... in the Dungeon (Sprint VII: "The Pits").
             The game lasted 00:00:13 (29 turns).

sircluck the Ruffian (Troll Berserker)                Turns: 29, Time: 00:00:13

Health: -1/75      AC:  4    Str: 27    XL:     4   Next: 91%
Magic:  3/3        EV: 11    Int:  3    God:    Trog [*.....]
Gold:   0          SH:  0    Dex:  9    Spells: 3/3 levels left

rFire   . .          .
                       - Unarmed
rCold   . . .        (no shield)
rNeg    . . .        a - +0 animal skin
rPois   .            (helmet restricted)
rElec   .            (no cloak)
rCorr   .            (gloves unavailable)
SInv    .            (boots unavailable)
Will    .....        (no amulet) Stlth
                     (no ring)
HPRegen 1.12/turn    (no ring)
MPRegen 0.08/turn

%: no teleportation
@: berserking (expiring), very quick
A: large, unfitting armour, claws 3, regeneration 1, shaggy fur 1, tough skin 1
a: Renounce Religion, Berserk


You were in the Dungeon.
You worshipped Trog.
Trog was aware of your devotion.
You visited 1 branch

Inventory:

Armour
 a - a +0 animal skin (worn)
Scrolls
 g - a scroll of blinking
Potions
 b - a potion of curing
 c - a potion of heal wounds
 d - a potion of haste
 e - 2 potions of magic
 f - a potion of berserk rage


   Skills:
 + Level 5.3 Fighting
 + Level 5.2 Dodging
 + Level 6.3 Unarmed Combat


You had 3 spell levels left.
You didn't know any spells.
Your spell library was empty.

Dungeon Overview and Level Annotations

Branches:
Dungeon (1/1)

Altars:


Innate Abilities, Weirdness & Mutations

You are too large for most types of armour.
You have claws for hands.
Your natural rate of healing is unusually fast.
You are covered in fur. (AC +1)
You have tough skin. (AC +1)


Message History

You closely miss the vampire mosquito. The vampire mosquito bites you.
* * * LOW HITPOINT WARNING * * *
The vampire mosquito draws strength from your injuries!
The vampire mosquito bites you.
* * * LOW HITPOINT WARNING * * *
The vampire mosquito draws strength from your injuries!
You claw the vampire mosquito!
The vampire mosquito is heavily damaged.
The vampire mosquito completely misses you. x2
You mangle the vampire mosquito!!
You destroy the vampire mosquito!
Trog accepts your kill.
The vampire mosquito closely misses you.
Your Fighting skill gained 3 levels and is now at level 5!
Your Dodging skill gained 3 levels and is now at level 5!
Your Unarmed Combat skill gained 3 levels and is now at level 6!
You have reached level 2!
You have reached level 3!
Your experience leads to an increase in your attributes!
Increase (S)trength, (I)ntelligence, or (D)exterity?
You feel stronger. x3
You have reached level 4!
Unknown command.
Unknown command.
Unknown command.
You miss the vampire mosquito.
The vampire mosquito bites you but does no damage. x2
The vampire mosquito barely misses you.
You mangle the vampire mosquito!!
The vampire mosquito is almost destroyed.
The vampire mosquito bites you.
* * * LOW HITPOINT WARNING * * *
The vampire mosquito draws strength from your injuries!
The vampire mosquito bites you.
* * * LOW HITPOINT WARNING * * *
The vampire mosquito draws strength from your injuries!
You miss the vampire mosquito.
The vampire mosquito is severely damaged.
The vampire mosquito bites you.
You die...

##########++#####
#................
#......#..#......
#................
+................
#.....y#..#......
#...4....4.......
####y#####''#####
#...y@..# ''#
#.......# ..y.
#.......# ...y.
#...<...# ..4..#
#.......# ...###
#.......# ..##
#.......#
#########


You could see an orange demon and 2 vampire mosquitoes.

Vanquished Creatures
  A vampire mosquito (D)
1 creature vanquished.

Notes
Turn   | Place    | Note
-------+----------+-------------------------------------------
     0 | D        | sircluck the Troll Berserker began the quest for the Orb.
     0 | D        | Reached XP level 1. HP: 22/22 MP: 0/0
    11 | D        | Noticed a vampire mosquito
    11 | D        | Noticed a vampire mosquito
    11 | D        | Noticed an orange demon
    11 | D        | Noticed a vampire mosquito
    26 | D        | Killed a vampire mosquito
    27 | D        | Reached skill level 5 in Fighting
    27 | D        | Reached skill level 5 in Dodging
    27 | D        | Reached skill level 6 in Unarmed Combat
    27 | D        | Reached XP level 2. HP: 6/35 MP: 1/1
    27 | D        | Reached XP level 3. HP: 8/42 MP: 2/2
    27 | D        | Reached XP level 4. HP: 9/50 MP: 3/3
    28 | D        | HP: 3/75 [vampire mosquito (3)]
    29 | D        | Slain by a vampire mosquito

Illustrated notes

Levels and vault maps discovered:
D:        pitsprint [storerooms_1, entrance_room_1, metal_vault_4, armoury_1,
          mini_pit_1, grid_room_1, main_hall_1, silver_pit, the_coven_2,
          the_vestibule_1, steel_vault_5, golden_pit, hallway_of_sentries,
          crystal_vault_3, iron_vault_4, final_vault]

Skill      XL: |  1 |
---------------+----+-----
Fighting       | 5 |  5.3
Dodging        | 5 |  5.2
Unarmed Combat | 6 |  6.3

Action                     |  1- 3 |  4- 6 || total
---------------------------+-------+-------++-------
  Melee: Unarmed           |     8 |     3 ||    11
 Invoke: Berserk           |     1 |       ||     1
 Armour: Animal skin       |    10 |     5 ||    15
  Dodge: Dodged            |     8 |     1 ||     9

Table legend: (Time is in decaauts)
 A = Elapsed time spent in this place.
 B = Non-inter-level travel time spent in this place.
 C = Inter-level travel time spent in this place.
 D = Time resting spent in this place.
 E = Time spent auto-exploring this place.
 F = Levels seen in this place.
 G = Mean time per level.
                   A        B        C        D        E       F      G
               +--------+--------+--------+--------+--------+-----+--------+
         Total |     25 |     25 |      0 |      0 |      3 |   1 |   25.0 |
       Dungeon |     25 |     25 |      0 |      0 |      3 |   1 |   25.0 |
               +--------+--------+--------+--------+--------+-----+--------+

Top non-repeatable levels by time:
       D: 25 daAuts
